 Dungeon Crawl Stone Soup version 0.29-a0-823-gc37b1572da (webtiles) character file.

Game seed: 6176012161397151193

5492 buhh the Chiller (level 10, -3/82 HPs)
             Began as an Octopode Transmuter on July 9, 2022.
             Was a Follower of Cheibriados.
             Killed by divine providence
             ... invoked by an orc priest
              (12 damage)
             ... on level 9 of the Dungeon.
             The game lasted 00:19:28 (12375 turns).

buhh the Chiller (Octopode Transmuter)             Turns: 12375, Time: 00:19:29

Health: -3/82      AC:  9    Str: 19    XL:     10   Next: 69%
Magic:  9/13       EV: 13    Int: 22    God:    Cheibriados [*.....]
Gold:   266        SH:  0    Dex: 16    Spells: 3/13 levels left

rFire   x . .      SeeInvis +     - Unarmed
rCold   + + +      Faith    .   (shield currently unavailable)
rNeg    . . .      Spirit   .   (helmet currently unavailable)
rPois   +          Reflect  .   (no amulet)
rElec   .          Harm     .   j - +6 ring of strength
rCorr   .          Rampage  .   u - ring of see invisible
Will    .....                   (no ring)
Stlth   ++........              (no ring)
HPRegen 0.23/turn               (no ring)
MPRegen 0.13/turn               (no ring)
                                (no ring)
                                (no ring)

@: ice-form, very slow
A: freezing attack, boosted hp, almost no armour, amphibious, 8 rings, large,
(camouflage 1), (gelatinous body 1), (nimble swimmer 1), (tentacles)
a: End Transformation, Renounce Religion, Bend Time


You were on level 9 of the Dungeon.
You worshipped Cheibriados.
Cheibriados was aware of your devotion.
You were a creature of crystalline ice.
You visited 3 branches of the dungeon, and saw 11 of its levels.
You also visited: Sewer.

You collected 507 gold pieces.
You spent 241 gold pieces at shops.

Inventory:

Hand Weapons
 k - the +3 woodcutter's axe {vorpal}
   (You took it off a gnoll on level 4 of the Dungeon)

   It inflicts extra damage upon your enemies.
Missiles
 B - 14 poisoned darts
 D - a curare-tipped dart
Jewellery
 j - a +6 ring of strength (left front paw)
 u - a ring of see invisible (right front paw)
 y - an amulet of faith
 E - a ring of flight
 F - a +6 ring of intelligence
Scrolls
 b - a scroll of identify {!d}
 c - 3 scrolls of noise
 d - 4 scrolls of enchant weapon
 e - a scroll of magic mapping {!r!d}
 f - 2 scrolls of amnesia {unknown}
 i - 4 scrolls of vulnerability
 m - a scroll of blinking {!d}
 o - 4 scrolls of teleportation {!d}
 r - 2 scrolls of brand weapon {unknown}
 t - 5 scrolls of enchant armour {unknown}
 x - a scroll of immolation {unknown}
Potions
 a - a potion of resistance {unknown}
 g - a potion of berserk rage {!q}
 h - 4 potions of cancellation {!q!d}
 l - 2 potions of heal wounds {unknown}
 n - a potion of degeneration {unknown}
 p - a potion of flight {unknown}
 q - a potion of invisibility {unknown}
 s - a potion of might {unknown}
 v - 4 potions of mutation {!d}
 w - 2 potions of haste {!q!d}
 z - a potion of ambrosia {unknown}
 A - 3 potions of attraction {unknown}
 C - a potion of curing {!q!d}


   Skills:
 - Level 6.5 Fighting
 - Level 6.6 Dodging
 - Level 2.0 Stealth
 - Level 6.5 Unarmed Combat
 - Level 2.0 Spellcasting
 * Level 7.9 Transmutations
 * Level 7.9 Ice Magic
 - Level 2.0 Poison Magic


You had 3 spell levels left.
You knew the following spells:

 Your Spells              Type           Power      Damage    Failure   Level
a - Beastly Appendage     Tmut           74%        N/A       1%          1
b - Wereblood             Tmut           37%        N/A       1%          2
c - Spider Form           Tmut/Pois      24%        N/A       5%          3
d - Ice Form              Ice/Tmut       37%        N/A       5%          4

Your spell library contained the following spells:

 Spells                   Type           Power      Damage    Failure   Level
 Magic Dart               Conj           8%         1d3       14%         1
 Call Imp                 Summ           2%         N/A       21%         2
 Scorch                   Fire           4%         2d5       21%         2
 Mephitic Cloud           Conj/Pois/Air  5%         N/A       32%         3
 Portal Projectile        Hex/Tloc       4%         N/A       38%         3
 Tukima's Dance           Hex            2%         N/A       38%         3
 Blade Hands              Tmut           18%        N/A       14%         5
 Flame Wave               Conj/Fire      2%         2d4       80%         4
 Summon Cactus Giant      Summ           1%         N/A       100%        6


Dungeon Overview and Level Annotations

Branches:
Dungeon (9/15) Zot: 40097  Temple (1/1) D:6 Zot: 8958    Lair (1/6) D:8 Zot: 8997
  Sewer (visited)
    Orc: D:9-12

Altars:
Ashenzari
Cheibriados
Dithmenos
Elyvilon
Fedhas
Hepliaklqana
Nemelex Xobeh
Okawaru
Qazlal
Ru
Trog
Vehumet
Wu Jian
Xom
Yredelemnul
Zin
The Shining One

Shops:
D:6 *   D:8 [=[(=

Annotations:
D:4 exclusion: jelly
D:7 exclusions: swamp worm, two-headed ogre and 1 more exclusion, Menkaure
D:8 exclusion: two-headed ogre
D:9 Harold


Innate Abilities, Weirdness & Mutations

You are a creature of crystalline ice.
You have a powerful freezing melee attack.
Your maximum health is increased.
Your armour is entirely melded.
You are incapable of wielding weapons or throwing items.
You cannot wear most types of armour.
You are amphibious.
You can wear up to eight rings at the same time.
((Your skin changes colour to match your surroundings (Stealth+).))
((Your rubbery body absorbs attacks. (AC +1, EV +1)))
((You are camouflaged when in or above water. (Stealth+)))
((You have tentacles for arms and can constrict up to eight enemies at once.))


Message History

a +0 trident; a +0 hand axe; a +0 leather armour The orc priest shouts!
You hit the warg but do no damage.
You hear a shout!
The warg bites you but does no damage. The warg bites you!
You hit the warg. You freeze the warg.
The warg is lightly wounded.
An orc priest comes into view. It is wielding a +0 club.
The warg bites you.
You punch the warg! You freeze the warg.
The warg is moderately wounded.
Your transformation is almost over.
The warg bites you!
You pummel the warg!! You freeze the warg.
You kill the warg!
Cheibriados appreciates the change of pace.
Cheibriados raises the support of your attributes as your movement slows.
You hear a roar!
You hear a shout!
There is an open door here.
Things that are here:
a +0 shortbow; a centaur corpse The orc priest calls down the wrath of Beogh upon you.
Pain shoots through your body!
* * * LOW HITPOINT WARNING * * *
The orc priest mumbles some strange prayers to Beogh against you.
Pain shoots through your body!
* * * LOW HITPOINT WARNING * * *
You close the door, pushing everything out of the way.
You see here a +0 shortbow.
An orc priest breaks down the door.
You warm up again.
The orc priest hits you with a +0 hand axe!
* * * LOW HITPOINT WARNING * * *
There is a broken door, spattered with blood here.
You turn into a creature of crystalline ice.
The orc priest closely misses you.
You barely miss the orc priest.
The orc priest invokes the aid of Beogh against you.
Beogh smites you!
You die...

######## .......#
###### .......###
#....# .......'.#
#....#
.......#.#####....#
.......#.....#..<.#
.......#####.'....+
.......# ###.)..#
.......# ###Y##
.......# ##)o#
####'### #.)## #.##
#o## #..#
#........# ##.#
#..........# #'#
#..#........#
...#.. #........#
...... ...........


You could see 2 orc priests.

Vanquished Creatures
  Pikel (D:4)
  Maggie (D:7)
  2 yaks (D:8)
  A steam dragon (D:7)
  A warg (D:9)
  A water moccasin (D:7)
  4 orc warriors
  An ice beast (D:6)
  Pargi (Sewer)
  4 black bears
  A centaur (D:9)
  2 ogres (D:5)
  A phantom (D:7)
  2 kobold brigands
  3 bullfrogs
  2 gnoll sergeants
  2 necrophages
  3 scorpions
  9 wights
  19 killer bees
  A howler monkey (D:8)
  3 hounds
  3 orc priests
  A gnoll bouda (D:4)
  A jelly (D:6)
  4 iguanas
  2 orc wizards
  18 gnolls
  9 adders
  A shadow imp (D:5)
  6 white imps
  3 worms
  A dart slug (D:3)
  22 orcs
  6 endoplasms
  3 giant cockroaches
  10 goblins
  7 hobgoblins
  13 kobolds
  3 quokkas
  10 ball pythons
  8 bats
  11 frilled lizards
  3 rats
210 creatures vanquished.

Vanquished Creatures (others)
  An orc (D:7)
  9 fungi
  10 plants (D:8)
20 creatures vanquished.

Grand Total: 230 creatures vanquished

Notes
Turn   | Place    | Note
-------+----------+-------------------------------------------
     0 | D:1      | buhh the Octopode Transmuter began the quest for the Orb.
     0 | D:1      | Reached XP level 1. HP: 13/13 MP: 3/3
   205 | D:1      | Reached XP level 2. HP: 9/18 MP: 3/5
   964 | D:1      | Reached XP level 3. HP: 22/23 MP: 6/6
  2306 | D:3      | Found a glowing golden altar of the Shining One.
  2307 | D:3      | Found a glowing silver altar of Zin.
  2307 | D:3      | Found a shadowy altar of Dithmenos.
  2308 | D:3      | Found a sacrificial altar of Ru.
  2390 | D:3      | Found a basalt altar of Yredelemnul.
  2554 | D:3      | Reached XP level 4. HP: 29/29 MP: 5/7
  3237 | D:4      | Learned a level 2 spell: Wereblood
  3241 | D:4      | Learned a level 3 spell: Spider Form
  3733 | D:4      | Reached XP level 5. HP: 6/35 MP: 4/8
  4527 | D:4      | Reached XP level 6. HP: 34/42 MP: 7/9
  4738 | D:4      | Noticed Pikel
  4750 | D:4      | Killed Pikel
  4751 | D:4      | Reached skill level 5 in Unarmed Combat
  4751 | D:4      | Reached XP level 7. HP: 40/49 MP: 7/10
  5171 | D:4      | Reached skill level 5 in Dodging
  5171 | D:4      | Reached XP level 8. HP: 17/54 MP: 11/11
  5464 | D:5      | Entered Level 5 of the Dungeon
  5659 | D:5      | Found a glowing drain.
  5667 | Sewer    | Entered a sewer
  5791 | Sewer    | Noticed Pargi
  6496 | Sewer    | Killed Pargi
  6497 | Sewer    | Reached skill level 5 in Fighting
  6931 | D:5      | Found a sparkling altar of Nemelex Xobeh.
  7850 | D:6      | Found a blossoming altar of Fedhas.
  7866 | D:6      | Reached XP level 9. HP: 55/62 MP: 10/12
  7975 | D:6      | Found Diosir's General Store.
  7983 | D:6      | Bought a scroll of identify for 26 gold pieces
  7983 | D:6      | Bought a scroll of identify for 26 gold pieces
  7983 | D:6      | Bought a scroll of teleportation for 39 gold pieces
  8198 | D:6      | Found a staircase to the Ecumenical Temple.
  8207 | Temple   | Entered the Ecumenical Temple
  8268 | D:6      | Noticed a komodo dragon
  8300 | D:6      | Reached skill level 5 in Transmutations
  9200 | D:7      | Reached skill level 5 in Ice Magic
  9203 | D:7      | Noticed Maggie
  9208 | D:7      | Killed Maggie
  9555 | D:7      | Identified the +4 ring mail of Tigijy Ceej {+Blink rN+}
  9578 | D:7      | Noticed Menkaure
  9649 | D:7      | Learned a level 4 spell: Ice Form
  9870 | D:7      | Reached XP level 10. HP: 67/69 MP: 7/13
 10125 | D:7      | Noticed a two-headed ogre
 10632 | D:8      | Found Vugani's Armour Shoppe.
 10935 | D:8      | Found Paseof's Jewellery Shop.
 10987 | D:8      | Bought a ring of see invisible for 150 gold pieces
 11020 | D:8      | Found a snail-covered altar of Cheibriados.
 11031 | D:8      | Became a worshipper of Cheibriados the Contemplative
 11111 | D:8      | Found Niamimanwau's Antique Weapon Emporium.
 11145 | D:8      | Found Bameixk Qank's Armour Shop.
 11156 | D:8      | Noticed a two-headed ogre
 11498 | D:8      | Found Fuhoshu's Jewellery Emporium.
 11684 | D:8      | Identified the +6 chain mail of Jaum {rElec MP+9 Str-2
                  | SInv}
 11776 | D:8      | Found a staircase to the Lair.
 11865 | Lair:1   | Entered Level 1 of the Lair of Beasts
 12208 | D:9      | Reached * piety under Cheibriados
 12295 | D:9      | Noticed Harold
 12375 | D:9      | Killed from afar by an orc priest

Illustrated notes

Levels and vault maps discovered:
D:1:      dpeg_arrival_short_road, layout_loops_cross, chequers_big_river
D:2:      layout_basic, hangedman_decor_push
D:3:      layout_loops_cross, mainiacjoe_overflow_alcove_4,
          chequers_temple_overflow_statue_of_worship
D:4:      layout_loops_ring, pf_guarded_unrand_woodcutter, uniq_pikel
D:5:      layout_loops_corners, nemelex_diamond_rough_becter,
          gup_sewer_entry_bubbles, glass_columns_b
D:6:      layout_basic, mainiacjoe_overflow_boulevard,
          minmay_temple_entry_statues, nicolae_stop_n_shop_1, minmay_manual_mail
D:7:      layout_basic, worms_lemuel, uniq_menkaure, uniq_maggie
D:8:      layout_rooms, lemuel_tele_altar, grunt_lair_entry_orc_guard_hut,
          serial_shops, shop, shop, nicolae_shop_trees,
          nicolae_shop_window_shopping, nicolae_inconvenience_store
D:9:      layout_roguey, erik_orc_4, minmay_holes, lemuel_flamethrower_hall,
          uniq_harold
Temple:   hellmonk_temple_rainy
Lair:1:   layout_regular_city, infiniplex_staircase_pool, grunt_megastairs_5,
          serial_bayou_shore_b, lemuel_fruit_tree

Skill      XL: |  1  2  3  4  5  6  7  8  9 10 |
---------------+-------------------------------+-----
Stealth        | 1 2 |  2.0
Poison Magic   | 1 2 |  2.0
Fighting       | 2 3 4 6 |  6.5
Dodging        | 3 4 5 6 |  6.6
Unarmed Combat | 4 5 6 |  6.5
Transmutations | 4 5 7 |  7.9
Ice Magic      | 1 5 7 |  7.9
Spellcasting   | |  2.0

Action                   |  1- 3 |  4- 6 |  7- 9 | 10-12 || total
-------------------------+-------+-------+-------+-------++-------
Melee: Unarmed           |    68 |    38 |   121 |   133 ||   360
       Constrict         |    21 |    11 |    19 |     1 ||    52
       Kick              |    19 |    14 |    21 |       ||    54
       Tentacles         |     8 |     7 |    15 |       ||    30
       Punch             |       |     2 |     5 |       ||     7
       Battleaxe         |       |    13 |    95 |       ||   108
 Cast: Beastly Appendage |    33 |    18 |    39 |       ||    90
       Spider Form       |       |     3 |     9 |       ||    12
       Wereblood         |       |     1 |     5 |     3 ||     9
       Ice Form          |       |       |     3 |    17 ||    20
Evoke: Wand              |       |       |    14 |       ||    14
  Use: Scroll            |     7 |     4 |     5 |       ||    16
       Potion            |       |       |     3 |       ||     3
 Stab: Sleeping          |    12 |     4 |     9 |       ||    25
Armor: Skin              |     4 |       |    31 |    40 ||    75
Dodge: Dodged            |    38 |    27 |   173 |    94 ||   332

Table legend: (Time is in decaauts)
 A = Elapsed time spent in this place.
 B = Non-inter-level travel time spent in this place.
 C = Inter-level travel time spent in this place.
 D = Time resting spent in this place.
 E = Time spent auto-exploring this place.
 F = Levels seen in this place.
 G = Mean time per level.
                   A        B        C        D        E       F      G
               +--------+--------+--------+--------+--------+-----+--------+
         Total |  12518 |  12142 |    376 |   2406 |   7715 |  12 | 1043.2 |
       Dungeon |  11519 |  11158 |    361 |   1801 |   7517 |   9 | 1279.9 |
        Temple |     27 |     13 |     14 |      0 |     10 |   1 |   27.0 |
          Lair |      2 |      2 |      0 |      0 |      0 |   1 |    2.0 |
         Sewer |    967 |    967 |      0 |    605 |    188 |   1 |  967.0 |
               +--------+--------+--------+--------+--------+-----+--------+

Top non-repeatable levels by time:
     D:4: 1779 daAuts
     D:8: 1618 daAuts
     D:5: 1492 daAuts
     D:3: 1471 daAuts
     D:7: 1416 daAuts
     D:1: 1325 daAuts
     D:6: 1184 daAuts
   Sewer: 967 daAuts
     D:2: 881 daAuts
     D:9: 350 daAuts
  Temple: 27 daAuts
  Lair:1: 2 daAuts
